 Dungeon Crawl Stone Soup version 0.31-a0-188-g5e087ee2ca (webtiles) character file.

Game seed: 13338532619308562143

5222 qw the Markself (level 10, -4/58 HPs)
             Began as a Deep Elf Hunter on June 23, 2023.
             Was a Priest of Okawaru.
             Slain by Erica
             ... wielding a +3 scimitar of flaming
              (12 damage)
             ... on level 9 of the Dungeon.
             The game lasted 00:04:13 (7253 turns).

qw the Markself (Deep Elf Hunter)                   Turns: 7253, Time: 00:04:13

Health: -4/58      AC: 14    Str: 12    XL:     10   Next: 35%
Magic:  15/15      EV: 14    Int: 15    God:    Okawaru [***...]
Gold:   347        SH:  0    Dex: 18    Spells: 9/9 levels left

rFire   . . .        u - +0 arbalest (drain)
rCold   + . .        (shield currently unavailable)
rNeg    . . .        a - +1 ring mail of Action {Will+ Regen+}
rPois   .            c - +2 helmet
rElec   .            (no cloak)
rCorr   .            l - +1 pair of gloves
SInv    .            d - +2 pair of boots
Will    ++...        o - amulet of faith
Stlth   +            i - ring of protection from cold
HPRegen 1.09/turn    (no ring)
MPRegen 0.14/turn

%: faith
@: lethally poisoned (-4 -> -5)
A: no striking features
a: Renounce Religion, Heroism


You were on level 9 of the Dungeon.
You worshipped Okawaru.
Okawaru was most pleased with you.
You visited 2 branches of the dungeon, and saw 10 of its levels.

You collected 517 gold pieces.
You spent 170 gold pieces at shops.


   Skills:
 - Level 4.5 Fighting
 + Level 16.4 Ranged Weapons
 - Level 2.1 Armour
 - Level 7.1 Dodging
 - Level 1.2 Stealth
 - Level 4.4 Invocations


You had 9 spell levels left.
You didn't know any spells.
Your spell library was empty.

Inventory:

Hand Weapons
 u - a +0 arbalest of draining (weapon)
Armour
 a - the +1 ring mail of Action (worn) {Will+ Regen+}
   (You found it on level 3 of the Dungeon)

   Regen:     It increases your rate of health regeneration.
   Will:      It increases your willpower.
 c - a +2 helmet (worn)
 d - a +2 pair of boots (worn)
 l - a +1 pair of gloves (worn)
Jewellery
 i - a ring of protection from cold (left hand)
 o - an amulet of faith (around neck)
 q - an amulet of the acrobat
 s - a ring of ice
Scrolls
 e - 3 scrolls of identify
 n - 2 scrolls of teleportation
Potions
 b - a potion of cancellation
 f - a potion of mutation
 g - a potion of resistance
 h - 3 potions of curing
 j - 4 potions of might
 k - a potion of magic
 m - a potion of brilliance {unknown}
 r - a potion of heal wounds

Dungeon Overview and Level Annotations

Branches:
Dungeon (9/15)             Temple (1/1) D:6
   Lair: D:8-11         Orc: D:9-12

Altars:
Ashenzari
Cheibriados
Dithmenos
Elyvilon
Fedhas
Gozag
Hepliaklqana
Makhleb
Nemelex Xobeh
Okawaru
Qazlal
Ru
Sif Muna
Trog
Uskayaw
Vehumet
Wu Jian
Xom
Yredelemnul
The Shining One

Shops:
D:4 ?

Annotations:
D:4 3 runed translucent doors, qw's ghost, weakling DEHu
D:9 Erica


Message History

You shoot a bolt. Something hits you. Something burns you.
You shoot a bolt.
You hear some strange, mumbled words.
A bolt of poison appears from out of thin air!
The bolt of poison misses you.
You shoot a bolt.
You hear a zap.
A bolt of dispelling energy appears from out of thin air!
The bolt of dispelling energy misses you.
The now-empty wand crumbles to dust.
Something hits you but does no damage.
You shoot a bolt. Something hits you but does no damage.
You shoot a bolt. Something hits you! Something burns you.
You shoot a bolt.
You hear some strange, mumbled words.
A bolt of poison appears from out of thin air!
The bolt of poison misses you.
You shoot a bolt. Something hits you but does no damage.
You shoot a bolt. Something hits you but does no damage.
You shoot a bolt. Something hits you. Something burns you.
You hear some strange, mumbled words.
A bolt of poison appears from out of thin air!
The bolt of poison hits you!!
You are poisoned.
Ouch! That really hurt!
You shoot a bolt.
You feel very sick.
You hear some strange, mumbled words.
A bolt of poison appears from out of thin air!
The bolt of poison misses you.
You shoot a bolt.
You feel sick. Something hits you. Something burns you.
You shoot a bolt.
You feel sick. Something hits you!
You die...

....# ..).# #. ..# ....#
#.#..# ....#########
#.#..# .............
.....# ....###########.#..
# .......[........#.##.#
####............#{...#
................@.########
..........................
###.######.....##.......#
#.# ......##
#..............# #.#
.......# #.....##.......#
#.#
....##.##########.#######
#.# ....##...## #.# #.#
....##....# #.##########
#.# ....##....#
##.#........###.##


There were no monsters in sight!

Vanquished Creatures
  Harold (D:9)
  Joseph (D:9)
  Maggie (D:6)
  A hornet (D:9)
  Prince Ribbit (D:8)
  A wraith (D:9)
  A wyvern (D:9)
  A steam dragon (D:8)
  A floating eye (shapeshifter) (D:8)
  2 water moccasins (D:5)
  3 orc warriors
  A black bear (D:7)
  2 sky beasts
  3 centaurs
  An ogre (D:6)
  A phantom (D:5)
  A kobold brigand (D:9)
  3 bullfrogs
  4 scorpions
  5 wights (D:8)
  3 killer bees (D:7)
  4 howler monkeys
  2 hounds
  A jelly (D:7)
  3 gnoll boudas
  4 orc priests
  4 iguanas
  3 orc wizards
  Robin (D:3)
  13 gnolls
  7 adders
  4 shadow imps
  7 white imps
  4 ufetubi
  6 dart slugs
  17 orcs
  6 ball pythons
  6 endoplasms
  5 giant cockroaches
  14 goblins
  12 hobgoblins
  4 quokkas
  2 bats
  6 frilled lizards
  16 kobolds
  8 rats
197 creatures vanquished.

Vanquished Creatures (others)
  A sky beast (D:8)
  An orc (D:8)
2 creatures vanquished.

Grand Total: 199 creatures vanquished

Notes
Turn   | Place    | Note
-------+----------+-------------------------------------------
     0 | D:1      | qw the Deep Elf Hunter began the quest for the Orb.
     0 | D:1      | Reached XP level 1. HP: 12/12 MP: 3/3
     0 | D:1      | 0 ||| qw: Version: 0.3-a-9-g12657ce
     0 | D:1      | 0 ||| qw: Game counter: 4105
     0 | D:1      | 0 ||| qw: Always use a shield: true
     0 | D:1      | 0 ||| qw: God list: Okawaru
     0 | D:1      | 0 ||| qw: Allow faded altars: false
     0 | D:1      | 0 ||| qw: Do Orc after D:15 true
     0 | D:1      | 0 ||| qw: Do second Lair branch before Depths: true
     0 | D:1      | 0 ||| qw: Lair rune preference: random
     0 | D:1      | 0 ||| qw: Plans: Normal
     0 | D:1      | 0 ||| PLANNING D:1-11
    39 | D:1      | Reached XP level 2. HP: 16/16 MP: 4/4
    42 | D:1      | Reached skill level 6 in Ranged Weapons
   182 | D:1      | Reached XP level 3. HP: 20/20 MP: 5/5
   386 | D:1      | 386 ||| READING scroll labelled TAUCHA VODAB.
   387 | D:1      | 387 ||| READING 3 scrolls labelled PASAUCK AFFO.
   388 | D:1      | 388 ||| READING scroll labelled YMIAHEZIXI.
   391 | D:1      | 391 ||| READING scroll labelled AMON ZEBUOFA.
   392 | D:1      | 392 ||| READING 3 scrolls labelled MELYSM EN GUD.
   393 | D:1      | 393 ||| READING 2 scrolls of identify.
   393 | D:1      | 393 ||| IDENTIFYING fuming orange potion
   394 | D:1      | 394 ||| DROPPING scroll of butterflies.
   395 | D:1      | 395 ||| DROPPING 2 scrolls of fear.
   406 | D:2      | 406 ||| STAIRDANCE
   489 | D:2      | Found a hide-covered altar of Uskayaw.
   596 | D:2      | Reached skill level 7 in Ranged Weapons
   975 | D:2      | 975 ||| UPGRADING to +0 pair of boots.
   980 | D:2      | 980 ||| UPGRADING to +0 ring mail.
   990 | D:2      | 990 ||| DROPPING +0 leather armour.
   991 | D:2      | 991 ||| READING 2 scrolls labelled OCRUMO SAJULELL.
   992 | D:2      | 992 ||| READING 2 scrolls labelled BUOSOZ QOSAC.
   993 | D:2      | 993 ||| READING 3 scrolls labelled EMEIDISIPS.
   994 | D:2      | 994 ||| DRINKING 2 black potions.
   995 | D:2      | 995 ||| READING 2 scrolls of identify.
   995 | D:2      | 995 ||| IDENTIFYING smoky emerald potion
   996 | D:2      | 996 ||| DROPPING scroll of blinking.
   997 | D:2      | 997 ||| DROPPING scroll of revelation.
   998 | D:2      | 998 ||| DROPPING 2 scrolls of vulnerability.
  1258 | D:3      | 1258 ||| FLEEEEING.
  1285 | D:3      | 1285 ||| STAIRDANCE
  1289 | D:3      | 1289 ||| STAIRDANCE
  1293 | D:3      | 1293 ||| STAIRDANCE
  1297 | D:3      | 1297 ||| STAIRDANCE
  1301 | D:3      | 1301 ||| STAIRDANCE
  1305 | D:3      | 1305 ||| STAIRDANCE
  1309 | D:3      | 1309 ||| STAIRDANCE
  1313 | D:3      | 1313 ||| STAIRDANCE
  1317 | D:3      | 1317 ||| STAIRDANCE
  1321 | D:3      | 1321 ||| STAIRDANCE
  1325 | D:3      | 1325 ||| STAIRDANCE
  1329 | D:3      | 1329 ||| STAIRDANCE
  1333 | D:3      | 1333 ||| STAIRDANCE
  1337 | D:3      | 1337 ||| STAIRDANCE
  1341 | D:3      | 1341 ||| STAIRDANCE
  1345 | D:3      | 1345 ||| STAIRDANCE
  1349 | D:3      | 1349 ||| STAIRDANCE
  1353 | D:3      | 1353 ||| STAIRDANCE
  1357 | D:3      | 1357 ||| STAIRDANCE
  1361 | D:3      | 1361 ||| STAIRDANCE
  1422 | D:3      | 1422 ||| FLEEEEING.
  1442 | D:3      | 1442 ||| FLEEEEING.
  1443 | D:3      | 1443 ||| FLEEEEING.
  1446 | D:3      | 1446 ||| FLEEEEING.
  1447 | D:3      | 1447 ||| FLEEEEING.
  1448 | D:3      | 1448 ||| FLEEEEING.
  1921 | D:2      | 1921 ||| Stepping randomly (stuck).
  1989 | D:3      | Reached XP level 4. HP: 25/25 MP: 6/6
  2065 | D:3      | 2065 ||| READING scroll labelled DOTATEI ZUSO.
  2067 | D:3      | 2067 ||| FLEEEEING.
  2073 | D:3      | HP: 6/25 [poisoned by you (poison gas)]
  2201 | D:3      | 2201 ||| FLEEEEING.
  2202 | D:3      | 2202 ||| FLEEEEING.
  2203 | D:3      | 2203 ||| FLEEEEING.
  2204 | D:3      | 2204 ||| FLEEEEING.
  2205 | D:3      | 2205 ||| FLEEEEING.
  2209 | D:3      | 2209 ||| FLEEEEING.
  2218 | D:3      | 2218 ||| READING scroll labelled ATOUMOL MIUM.
  2520 | D:3      | Identified the +1 ring mail of Action {Will+ Regen+}
  2661 | D:3      | Noticed Robin
  2669 | D:3      | Reached skill level 8 in Ranged Weapons
  2678 | D:3      | HP: 5/25 [goblin/+0 club[Robin] (2)]
  2679 | D:3      | 2679 ||| READING 2 scrolls of teleportation.
  2680 | D:3      | Killed Robin
  2681 | D:3      | HP: 1/25 [goblin/+0 club[Robin] (5)]
  3089 | D:3      | 3089 ||| UPGRADING to +1 ring mail of Action {Will+
                  | Regen+}.
  3099 | D:3      | 3099 ||| UPGRADING to +2 helmet.
  3104 | D:3      | 3104 ||| DROPPING +0 ring mail.
  3105 | D:3      | 3105 ||| READING 2 scrolls of identify.
  3105 | D:3      | 3105 ||| IDENTIFYING fuming yellow potion
  3127 | D:4      | Reached XP level 5. HP: 29/29 MP: 7/7
  3185 | D:4      | Found Veqiekli's Magic Scroll Shoppe.
  3188 | D:4      | 3188 ||| BUYING scroll of enchant armour (75 gold).
  3188 | D:4      | Bought a scroll of enchant armour for 75 gold pieces
  3188 | D:4      | 3188 ||| BUYING scroll of enchant armour (75 gold).
  3188 | D:4      | Bought a scroll of enchant armour for 75 gold pieces
  3188 | D:4      | 3188 ||| SHOPLISTING scroll of enchant armour (75 gold,
                  | have 42).
  3188 | D:4      | 3188 ||| BUYING scroll of identify (20 gold).
  3188 | D:4      | Bought a scroll of identify for 20 gold pieces
  3188 | D:4      | 3188 ||| SHOPLISTING scroll of teleportation (30 gold, have
                  | 22).
  3188 | D:4      | 3188 ||| READING 2 scrolls of enchant armour.
  3188 | D:4      | 3188 ||| ENCHANTING +0 pair of boots.
  3189 | D:4      | 3189 ||| READING scroll of enchant armour.
  3189 | D:4      | 3189 ||| ENCHANTING +1 pair of boots.
  3200 | D:4      | Found a shadowy altar of Dithmenos.
  3265 | D:4      | 3265 ||| Stepping ~*~*~tactically~*~*~ (outnumbered).
  3270 | D:4      | 3270 ||| Stepping ~*~*~tactically~*~*~ (outnumbered).
  3276 | D:4      | HP: 6/29 [gnoll bouda/+0 club (3)]
  3276 | D:4      | HP: 1/29 [gnoll/+0 halberd[a gnoll bouda] (5)]
  3277 | D:4      | 3277 ||| READING scroll of teleportation.
  3280 | D:4      | Reached skill level 9 in Ranged Weapons
  3393 | D:4      | 3393 ||| FLEEEEING.
  3452 | D:4      | Reached skill level 1 in Armour
  3459 | D:4      | Found a runed translucent gate.
  3460 | D:4      | Found a runed translucent gate.
  3460 | D:4      | Found a runed translucent gate.
  3461 | D:4      | Noticed qw's ghost (weakling DEHu)
  3495 | D:4      | Found a faded altar of an unknown god.
  3495 | D:4      | Found a radiant altar of Vehumet.
  3499 | D:4      | Reached XP level 6. HP: 35/35 MP: 8/8
  3506 | D:4      | Found a stormy altar of Qazlal.
  3508 | D:4      | Found an ornate altar of the Wu Jian Council.
  3510 | D:4      | Found a faded altar of an unknown god.
  3849 | D:4      | 3849 ||| UPGRADING to +0 pair of gloves.
  3854 | D:4      | 3854 ||| DRINKING 2 viscous sapphire potions.
  3896 | D:4      | 3896 ||| READING 2 scrolls of identify.
  3896 | D:4      | 3896 ||| IDENTIFYING orange potion
  3897 | D:4      | 3897 ||| DROPPING potion of lignification.
  3920 | D:5      | Entered Level 5 of the Dungeon
  4008 | D:5      | Reached skill level 10 in Ranged Weapons
  4026 | D:5      | Reached skill level 3 in Dodging
  4026 | D:5      | Reached XP level 7. HP: 40/40 MP: 9/9
  4034 | D:5      | Found a hide-covered altar of Uskayaw.
  4048 | D:5      | Found a shimmering altar of Xom.
  4070 | D:5      | Found a blossoming altar of Fedhas.
  4162 | D:5      | Reached skill level 11 in Ranged Weapons
  4553 | D:5      | 4553 ||| READING 2 scrolls labelled DANEASSAURO.
  4554 | D:5      | 4554 ||| DROPPING scroll of immolation.
  4616 | D:6      | Reached skill level 12 in Ranged Weapons
  4635 | D:6      | Reached XP level 8. HP: 45/45 MP: 10/10
  4642 | D:6      | Found a staircase to the Ecumenical Temple.
  4643 | D:6      | 4643 ||| PLANNING TEMPLE
  4676 | D:6      | Reached skill level 3 in Fighting
  4754 | D:6      | Found a bloodstained altar of Trog.
  4993 | D:6      | 4993 ||| UPGRADING to amulet of the acrobat.
  4998 | D:6      | 4998 ||| DRINKING 2 fuming grey potions.
  5013 | Temple   | Entered the Ecumenical Temple
  5014 | Temple   | 5014 ||| PLANNING OKAWARU WORSHIP
  5056 | Temple   | Became a worshipper of Warmaster Okawaru
  5057 | Temple   | 5057 ||| PLANNING D:1-11
  5094 | D:7      | Noticed Maggie
  5098 | D:7      | 5098 ||| STAIRDANCE
  5103 | D:6      | HP: 9/46 [killer bee (3)]
  5104 | D:6      | 5104 ||| READING 3 scrolls of teleportation.
  5105 | D:6      | 5105 ||| DRINKING potion of heal wounds.
  5131 | D:6      | Killed Maggie
  5132 | D:6      | Reached skill level 13 in Ranged Weapons
  5211 | D:7      | Reached * piety under Okawaru
  5212 | D:7      | Reached skill level 14 in Ranged Weapons
  5260 | D:7      | 5260 ||| INVOKING Heroism.
  5546 | D:7      | 5546 ||| INVOKING Heroism.
  5558 | D:7      | 5558 ||| INVOKING Heroism.
  5584 | D:7      | Reached XP level 9. HP: 50/50 MP: 11/11
  5623 | D:7      | 5623 ||| INVOKING Heroism.
  5877 | D:7      | 5877 ||| UPGRADING to amulet of faith.
  5887 | D:7      | 5887 ||| READING 2 scrolls of identify.
  5887 | D:7      | 5887 ||| IDENTIFYING bubbling coppery potion
  5930 | D:8      | Reached skill level 1 in Invocations
  6001 | D:8      | 6001 ||| INVOKING Heroism.
  6003 | D:8      | Reached skill level 3 in Invocations
  6010 | D:8      | Reached skill level 6 in Dodging
  6015 | D:8      | 6015 ||| FLEEEEING.
  6016 | D:8      | 6016 ||| FLEEEEING.
  6046 | D:8      | Noticed Prince Ribbit
  6047 | D:8      | 6047 ||| INVOKING Heroism.
  6052 | D:8      | Killed Prince Ribbit
  6081 | D:8      | 6081 ||| READING scroll of enchant armour.
  6081 | D:8      | 6081 ||| ENCHANTING +0 pair of gloves.
  6206 | D:8      | Reached ** piety under Okawaru
  6237 | D:8      | 6237 ||| INVOKING Heroism.
  6240 | D:8      | 6240 ||| Stepping ~*~*~tactically~*~*~ (outnumbered).
  6283 | D:8      | 6283 ||| SWAPPING to +0 arbalest.
  6284 | D:8      | 6284 ||| DROPPING +0 heavy shortbow.
  6285 | D:8      | 6285 ||| DROPPING +0 orcbow.
  6286 | D:8      | 6286 ||| READING scroll of brand weapon.
  6286 | D:8      | 6286 ||| BRANDING +0 arbalest.
  6392 | D:8      | 6392 ||| FLEEEEING.
  6393 | D:8      | 6393 ||| FLEEEEING.
  6581 | D:8      | 6581 ||| UPGRADING to ring of protection from cold.
  6582 | D:8      | 6582 ||| READING 2 scrolls of identify.
  6582 | D:8      | 6582 ||| IDENTIFYING pink potion
  6583 | D:8      | 6583 ||| DROPPING potion of degeneration.
  6650 | D:9      | 6650 ||| INVOKING Heroism.
  6893 | D:9      | Noticed Joseph
  6896 | D:9      | Killed Joseph
  6897 | D:9      | Reached skill level 15 in Ranged Weapons
  6897 | D:9      | Reached XP level 10. HP: 57/58 MP: 15/15
  6897 | D:9      | 6897 ||| Stepping ~*~*~tactically~*~*~ (outnumbered).
  6903 | D:9      | 6903 ||| INVOKING Heroism.
  6947 | D:9      | Reached *** piety under Okawaru
  6974 | D:9      | Identified the +7 trident of the Enfolding Gods {heavy,
                  | Str+2 Int+2 Dex+3}
  7012 | D:9      | Noticed Harold
  7013 | D:9      | 7013 ||| INVOKING Heroism.
  7027 | D:9      | Killed Harold
  7028 | D:9      | Reached skill level 16 in Ranged Weapons
  7034 | D:9      | Identified the +0 spear "Berph" {venom, rC- Int+3 Dex+5}
  7101 | D:9      | 7101 ||| INVOKING Heroism.
  7193 | D:9      | Paralysed by a hornet for 3 turns
  7196 | D:9      | 7196 ||| INVOKING Heroism.
  7237 | D:9      | Noticed Erica
  7251 | D:9      | HP: 13/58 [poisoned by Erica (bolt of poison)]
  7253 | D:9      | Slain by Erica

Levels and vault maps discovered:
D:1:      roderic_crossed_star, layout_rooms
D:2:      kennysheep_big_flooded_room, layout_basic, basic_altar
D:3:      layout_loops_corners, minmay_misc_feat_four_crosses,
          minmay_goblin_kobold_house, uniq_robin
D:4:      nicolae_BIG_FREAKIN_CUBE, layout_basic, grunt_dithmenos_smoke,
          chequers_temple_overflow_minitemple, ebering_ghost_rock_garden,
          serial_shops, nicolae_shop_behind_doors
D:5:      layout_gridville, general_overflow_altar, nicolae_uskayaw_dance_hall,
          fedhas_ov_isle_minmay
D:6:      layout_rooms, mainiacjoe_overflow_chevrons, temple_pool_b
D:7:      layout_loops_ring, hangedman_abyss_or_decor_jellyfish_corner,
          uniq_maggie
D:8:      layout_rooms, serial_demonic, serial_demonic_b, serial_demonic_f,
          serial_demonic_a, serial_demonic_a, serial_demonic_c,
          serial_demonic_b, kennysheep_doodads, minmay_microvault,
          uniq_prince_ribbit1
D:9:      layout_basic, gammafunk_temple_overflow_pools, st_stairs_13,
          hellmonk_guarded_unrand_cigotuvi, uniq_joseph, uniq_harold, uniq_erica
Temple:   nicolae_temple_ecumenical_triangle

Skill      XL: |  1  2  3  4  5  6  7  8  9 10 |
---------------+-------------------------------+-----
Ranged Weapons | 6 7 8 9 10 12 14 15 16 | 16.4
Fighting       | 2 3 4 |  4.5
Armour         | 1 2 |  2.1
Dodging        | 3 5 7 |  7.1
Invocations    | 4 |  4.4
Stealth        | |  1.2

Action                     |  1- 3 |  4- 6 |  7- 9 | 10-12 || total
---------------------------+-------+-------+-------+-------++-------
   Fire: Shortbow          |   100 |   105 |   267 |       ||   472
         Arbalest          |       |       |    27 |    61 ||    88
 Invoke: Heroism           |       |       |     8 |     4 ||    12
    Use: Scroll            |    10 |     8 |     6 |       ||    24
         Potion            |     1 |     1 |     2 |       ||     4
 Armour: Leather armour    |     4 |       |       |       ||     4
         Ring mail         |       |    37 |   106 |    13 ||   156
  Dodge: Dodged            |    12 |    69 |   163 |    30 ||   274

Table legend:
 A = Non-vault XP
 B = Vault XP
 C = Vault XP percentage of total XP
 D = Non-vault monster count
 E = Vault monster count
 F = Vault count percentage of total count
                 A         B        C        D         E       F
            +---------+---------+-------+---------+---------+-------
      Total |    4896 |    2564 |  34.4 |     162 |      36 |  18.2
            +---------+---------+-------+---------+---------+-------
        D:1 |      54 |       0 |   0.0 |      31 |       0 |   0.0
        D:2 |      44 |       3 |   6.4 |      18 |       2 |  10.0
        D:3 |      43 |      45 |  51.1 |      13 |      19 |  59.4
        D:4 |     264 |       0 |   0.0 |      12 |       0 |   0.0
        D:5 |     771 |       0 |   0.0 |      16 |       0 |   0.0
        D:6 |     570 |     365 |  39.0 |      21 |       1 |   4.5
        D:7 |     819 |       0 |   0.0 |      18 |       0 |   0.0
        D:8 |    1250 |     505 |  28.8 |      17 |      10 |  37.0
        D:9 |    1081 |    1646 |  60.4 |      16 |       4 |  20.0
            +---------+---------+-------+---------+---------+-------
